 Dungeon Crawl Stone Soup version 0.19.0-18-g426998a (webtiles) character file.

3473 Plasmo the Magician (level 9, -9/61 HPs)
             Began as a High Elf Wizard on Nov 11, 2016.
             Killed from afar by a steam dragon (24 damage)
             ... with a ball of steam
             ... on level 6 of the Dungeon.
             The game lasted 00:32:38 (7511 turns).

Plasmo the Magician (High Elf Wizard)               Turns: 7511, Time: 00:32:38

Health: -9/61      AC:  9    Str:  9    XL:     9   Next: 79%
Magic:  20/20      EV: 13    Int: 21    God:
Gold:   355        SH:  0    Dex: 16    Spells: 5 memorised, 10 levels left

rFire  . . .     SeeInvis .     k - +0 falchion
rCold  + . .     Gourm    .     x - +1 ring mail {rC+}
rNeg   . . .     Faith    .     (no shield)
rPois  .         Spirit   .     b - +0 hat
rElec  .         Reflect  .     e - +0 cloak
rCorr  .         Harm     .     (no gloves)
MR     .....                    a - +0 pair of boots
Stlth  ++........               (no amulet)
                                (no ring)
                                (no ring)

@: hasted, very quick
A: no striking features
a: no special abilities


You were on level 6 of the Dungeon.
You were hungry.

You visited 1 branch of the dungeon, and saw 6 of its levels.

You collected 355 gold pieces.

Inventory:

Hand Weapons
 k - a +0 falchion (weapon)
 s - a +2 dagger of protection
Missiles
 f - 5 silver tomahawks (quivered)
 o - 15 tomahawks
 r - 3 javelins
Armour
 a - a +0 pair of boots (worn)
 b - a +0 hat (worn)
 e - a +0 cloak (worn)
 h - a +0 leather armour
 x - a +1 ring mail of cold resistance (worn)
 B - a +0 shield
Wands
 l - a wand of slowing (48/48)
Scrolls
 j - a scroll of recharging
 y - a scroll of remove curse
Potions
 g - a potion of resistance
 m - a potion of agility
 n - 2 potions of haste
 q - a potion of flight
 t - a potion of lignification
 A - a potion of brilliance {unknown}
Books
 c - a book of Minor Magic

   Spells                             Type                      Level
   a - Magic Dart                     Conjuration                  1
   b - Blink                          Translocation                2
   c - Call Imp                       Summoning                    2
   d - Repel Missiles                 Charms/Air                   2
   e - Slow                           Hexes                        2
   f - Conjure Flame                  Conjuration/Fire             3
   g - Mephitic Cloud                 Conjuration/Poison/Air       3
Comestibles
 d - 5 bread rations
 i - 2 slices of pizza
 p - 4 meat rations
 z - 2 royal jellies


   Skills:
 * Level 5.1 Fighting
 * Level 5.6 Long Blades
 - Level 4.0 Throwing
 * Level 4.3 Armour
 * Level 6.0 Dodging
 - Level 3.6 Stealth
 * Level 3.1 Shields
 * Level 6.7 Spellcasting
 * Level 5.8 Conjurations
 - Level 0.8 Summonings
 - Level 1.1 Translocations
 * Level 4.8 Fire Magic
 * Level 5.9 Air Magic
 + Level 2.2 Evocations


You had 10 spell levels left.
You knew the following spells:

 Your Spells              Type           Power        Failure   Level  Hunger
a - Magic Dart            Conj           ####         1%          1    None
b - Call Imp              Summ           ##......     24%         2    None
c - Conjure Flame         Conj/Fire      ####....     10%         3    #......
d - Mephitic Cloud        Conj/Pois/Air  ###.....     14%         3    #......
e - Blink                 Tloc           N/A          24%         2    None


Dungeon Overview and Level Annotations

Branches:
Dungeon (6/15)
 Temple: D:4-7

Altars:
Ru
Trog
The Shining One


Message History

You see here a potion of flight.
You are engulfed in a cloud of scalding steam.
The steam dragon closely misses you. x2
The steam dragon breathes steam at you.
The ball of steam hits the steam dragon.
The steam dragon resists.
The ball of steam hits you!
* * * LOW HITPOINT WARNING * * *
The ball of steam hits the fungus.
Okay, then.
You feel better.
You are engulfed in a cloud of scalding steam.
* * * LOW HITPOINT WARNING * * *
The fungus is engulfed in a cloud of scalding steam.
The steam dragon bites you but does no damage.
The steam dragon claws you but does no damage.
You feel yourself speed up.
The fungus is engulfed in a cloud of scalding steam. x2
The steam dragon breathes steam at you. The ball of steam hits you!
You die...

.# #..^#.#
#......^.... .#
##..#.###)###.....#.
.#
#≈.#..........####.
.# #≈.##.###.....# #.
.# #P§§#.#
#.....####< .#
#P§§#.# #.....'.##.
##
#≈.§#.###.....#.##. #
#P!P#.............. #
#≈@.#.>.........##. #
#DDP##.##.....##### #
#P≈.P.#.............
#
#PP....#####...######
# #≈.....PP #...# #
#PP....PP# ##### #
#≈....$≈## ###
##.≈..PP# ..#


You could see 2 steam dragons.

Vanquished Creatures
  A hungry ghost (D:5)
  2 orc warriors (D:6)
  An ice beast (D:6)
  A black bear (D:5)
  A phantom (D:4)
  2 ogres (D:4)
  A centaur (D:6)
  A gnoll sergeant (D:6)
  A howler monkey (D:4)
  2 crimson imps
  A bullfrog zombie (D:5)
  3 orc priests
  4 hounds
  5 orc wizards
  3 worker ants
  Ijyb (D:2)
  A hound zombie (D:5)
  A hound skeleton (D:4)
  A howler monkey zombie (D:5)
  7 gnolls
  10 adders
  4 worms
  2 dart slugs
  3 leopard geckos
  27 orcs
  5 bats
  2 giant cockroaches
  12 goblins
  4 hobgoblins
  18 jackals
  7 kobolds
  2 quokkas
  A ball python skeleton (D:4)
  7 frilled lizards
  A quokka skeleton (D:5)
  7 rats
152 creatures vanquished.

Vanquished Creatures (others)
  An orc (D:3)
1 creature vanquished.

Grand Total: 153 creatures vanquished

Notes
Turn   | Place    | Note
-------+----------+-------------------------------------------
     0 | D:1      | Plasmo the High Elf Wizard began the quest for the Orb.
     0 | D:1      | Reached XP level 1. HP: 11/11 MP: 6/6
   394 | D:1      | Reached XP level 2. HP: 18/18 MP: 4/7
   398 | D:1      | Learned a level 2 spell: Call Imp
  1086 | D:2      | Reached XP level 3. HP: 22/22 MP: 7/9
  1174 | D:2      | Learned a level 3 spell: Conjure Flame
  1178 | D:2      | Learned a level 3 spell: Mephitic Cloud
  1399 | D:2      | Reached skill level 1 in Throwing
  1495 | D:2      | Reached skill level 1 in Fighting
  1522 | D:2      | Reached skill level 1 in Air Magic
  1577 | D:2      | Reached XP level 4. HP: 20/28 MP: 0/11
  1905 | D:2      | Learned a level 2 spell: Blink
  2305 | D:2      | Noticed Ijyb
  2335 | D:2      | Killed Ijyb
  2335 | D:2      | Reached skill level 1 in Fire Magic
  2335 | D:2      | Reached XP level 5. HP: 21/33 MP: 5/12
  2760 | D:3      | Found a sacrificial altar of Ru.
  3053 | D:3      | Reached skill level 1 in Armour
  3297 | D:3      | Found a glowing golden altar of the Shining One.
  3515 | D:4      | Noticed a phantom
  3621 | D:4      | Killed a phantom
  3621 | D:4      | Reached XP level 6. HP: 28/39 MP: 0/13
  4092 | D:4      | Reached XP level 7. HP: 45/45 MP: 4/14
  4334 | D:4      | Reached skill level 1 in Long Blades
  5078 | D:5      | Entered Level 5 of the Dungeon
  5127 | D:5      | Noticed a hungry ghost
  5141 | D:5      | Killed a hungry ghost
  5794 | D:5      | Reached XP level 8. HP: 43/52 MP: 12/16
  5982 | D:5      | Reached skill level 5 in Spellcasting
  5986 | D:5      | Found a bloodstained altar of Trog.
  6515 | D:6      | HP: 1/52 [orc warrior/dire flail (22)]
  7369 | D:6      | Reached skill level 5 in Fighting
  7369 | D:6      | Reached skill level 5 in Long Blades
  7369 | D:6      | Reached skill level 5 in Conjurations
  7369 | D:6      | Reached skill level 5 in Air Magic
  7369 | D:6      | Reached XP level 9. HP: 57/61 MP: 6/20
  7511 | D:6      | Killed from afar by a steam dragon

Skill      XL: |  1  2  3  4  5  6  7  8 |
---------------+-------------------------+-----
Throwing       | 1 2 3 4 |  4.0
Fighting       | 1 2 3 5 |  5.1
Spellcasting   | 4 6 |  6.7
Air Magic      | 1 2 3 5 |  5.9
Conjurations   | 2 3 5 |  5.8
Fire Magic     | 1 2 4 |  4.8
Armour         | 1 2 4 |  4.3
Dodging        | 3 4 6 |  6.0
Long Blades    | 1 5 |  5.6
Stealth        | 3 |  3.6
Shields        | 3 |  3.1
Evocations     | 2 |  2.2
Summonings     | |  0.8
Translocations | |  1.1

Action                   |  1- 3 |  4- 6 |  7- 9 || total
-------------------------+-------+-------+-------++-------
Melee: Unarmed           |    31 |    22 |       ||    53
       Dagger            |       |   197 |       ||   197
       Falchion          |       |     6 |   233 ||   239
Throw: Tomahawk          |       |       |    40 ||    40
 Cast: Magic Dart        |    65 |   144 |   128 ||   337
       Mephitic Cloud    |     2 |     5 |    13 ||    20
       Conjure Flame     |     1 |     1 |    12 ||    14
  Use: Scroll            |       |    12 |     6 ||    18
       Potion            |       |     2 |     4 ||     6
 Stab: Confused          |     3 |     2 |     5 ||    10
  Eat: Chunk             |     1 |     9 |    10 ||    20
       Fruit             |       |       |     3 ||     3
Armor: Leather armour    |     1 |    82 |    24 ||   107
       Ring mail         |       |       |    62 ||    62
Dodge: Dodged            |    26 |   128 |   156 ||   310
       Rpst.: Falchion   |       |       |    49 ||    49
